 Dungeon Crawl Stone Soup version 0.20-a0-1006-ge6c5631 (webtiles) character file.

84 Denreik the Charlatan (level 4, -4/35 HPs)
             Began as a Formicid Abyssal Knight on Apr 14, 2017.
             Was a Follower of Lugonu.
             Killed by drain life
             ... invoked by a soul eater
              (15 damage)
             ... on level 2 of the Abyss.
             The game lasted 00:07:39 (225 turns).

Denreik the Charlatan (Formicid Abyssal Knight)      Turns: 225, Time: 00:07:39

Health: -4/35      AC:  3    Str: 16    XL:     4   Next: 72%
Magic:  7/7        EV: 11    Int: 11    God:    Lugonu [*.....]
Gold:   63         SH:  0    Dex: 10    Spells: 3/3 levels left

rFire    . . .     SeeInvis +   a - +1 spear
rCold    . . .     Gourm    .   (no shield)
rNeg     . . .     Faith    .   b - +0 leather armour
rPois    .         Spirit   .   (helmet unavailable)
rElec    .         Reflect  .   (no cloak)
rCorr    .         Harm     .   (no gloves)
MR       .....                  (no boots)
Stlth    +.........             (no amulet)
Regen    0.0/turn               (no ring)
MPRegen  0.1/turn               (no ring)

@: non-regenerating, diseased
A: permanent stasis, dig shafts and tunnels, four strong arms, antennae 3,
screaming 1, weak 1
a: Dig, Shaft Self, Depart the Abyss, Renounce Religion


You were on level 2 of the Abyss.
You worshipped Lugonu.
Lugonu was aware of your devotion.
You were not hungry.

You visited 0 branches of the dungeon, and saw 0 of its levels.
You visited the Abyss 1 time.

You collected 63 gold pieces.

Inventory:

Hand Weapons
 a - a +1 spear (weapon)
Armour
 b - a +0 leather armour (worn)
Potions
 d - a potion of curing
Miscellaneous
 f - a sack of spiders
Comestibles
 c - a bread ration


   Skills:
 - Level 3.2 Fighting
 - Level 2.0 Polearms
 - Level 2.1 Armour
 - Level 0.8 Dodging
 - Level 2.1 Invocations
 * Level 4.3 Evocations


You had 3 spell levels left.
You didn't know any spells.

Dungeon Overview and Level Annotations

Branches:
Dungeon (0/15)

Altars:


Innate Abilities, Weirdness & Mutations

You cannot be hasted, slowed, berserked, paralysed or teleported.
You can dig through walls and to a lower floor.
Your four strong arms can wield two-handed weapons with a shield.
You have a pair of large antennae on your head. (SInv)
You occasionally shout uncontrollably at your foes.
You are weak. (Str -2)


Message History

A small abomination comes into view.
You extend your mandibles.
You dig through the rock wall.
A golden dragon skeleton comes into view.
Your soldier ant disappears in a puff of smoke!
You retract your mandibles.
The ancient zyme hits you! The ancient zyme closely misses you.
The neqoxec gestures at you.
Something tries to feed on your intellect!
The neqoxec looks more healthy.
The neqoxec gestures at you.
Strange energies course through your body.
You feel weaker. The neqoxec gestures at you.
Something tries to feed on your intellect!
You feel ill.
You see here 47 gold pieces.
You feel ill.
The soul eater draws from the surrounding life force!
You die...

#.## .#. ..#. ยง.#. .#.
.....#.... ... ..... . .
#... .# ...# #.. ... .#...
...# .. .#.#.. #. #
##.#####.## .#.#
...###...###...@##...###...
. .#.....#....x#.....#...
.. . .................... #
##.#.. ..#.3...#.....#. .
#...#>#...###...## # . ###3
####.## ##3## # .#. #
..###...# #$..##
.#.....#..). #{....#. .....
........{{.........


You could see a soul eater, an ancient zyme and a neqoxec.

Vanquished Creatures
  A quasit (Abyss:2)
1 creature vanquished.

Vanquished Creatures (collateral kills)
  A small abomination (Abyss:2)
  An iron imp (Abyss:2)
2 creatures vanquished.

Grand Total: 3 creatures vanquished

Notes
Turn   | Place    | Note
-------+----------+-------------------------------------------
     0 | Abyss:1  | Denreik the Formicid Abyssal Knight began the quest for the Orb.
     0 | Abyss:1  | Reached XP level 1. HP: 18/18 MP: 2/2
    45 | Abyss:1  | Noticed a wolf spider zombie
    80 | Abyss:2  | Noticed a quasit
    90 | Abyss:2  | Killed a quasit
    90 | Abyss:2  | Reached skill level 2 in Evocations
    90 | Abyss:2  | Reached XP level 2. HP: 17/24 MP: 4/4
    90 | Abyss:2  | Reached XP level 3. HP: 21/29 MP: 5/5
   171 | Abyss:2  | Noticed a small abomination
   173 | Abyss:2  | Reached skill level 3 in Evocations
   187 | Abyss:2  | Noticed a neqoxec
   187 | Abyss:2  | Killed a small abomination
   187 | Abyss:2  | Reached skill level 4 in Evocations
   187 | Abyss:2  | Reached XP level 4. HP: 27/35 MP: 5/7
   202 | Abyss:2  | Noticed an ancient zyme
   203 | Abyss:2  | Noticed a soul eater
   204 | Abyss:2  | Gained mutation: You occasionally shout uncontrollably at your foes. [a neqoxec]
   208 | Abyss:2  | Noticed a small abomination
   212 | Abyss:2  | Noticed a golden dragon skeleton
   216 | Abyss:2  | Gained mutation: You are weak. (Str -2) [a neqoxec]
   225 | Abyss:2  | Killed from afar by a soul eater

Vault maps used:

Skill      XL: |  1  2  3 |
---------------+----------+-----
Evocations     | 2 4 |  4.3
Fighting       | |  3.2
Polearms       | |  2.0
Armour         | |  2.1
Dodging        | |  0.8
Invocations    | |  2.1

Action                   |  1- 3 |  4- 6 || total
-------------------------+-------+-------++-------
Melee: Spear             |     5 |       ||     5
 Abil: Dig               |     3 |     1 ||     4
Evoke: Sack of spiders   |     4 |       ||     4
  Use: Scroll            |     5 |       ||     5
Armor: Leather armour    |     7 |       ||     7
Dodge: Dodged            |     7 |     1 ||     8
